PBL
DETROIT RED WINGS @ PARIS CUBS
09/14/2044
 
TOP OF THE 1ST
Detroit Red Wings batting - Pitching for Paris Cubs : LHP Ricardo Saucedo
Pitching: LHP Ricardo Saucedo
Batting: RHB Carlos Armenteros 0-0: Foul Ball, location: 2F
0-1: Called Strike
0-2: Ball
1-2: Ball
2-2: Ball
3-2: Base on Balls
Batting: LHB George Moran 0-0: Ball
1-0: Called Strike
1-1: Swinging Strike
1-2: Ball
2-2: Ground out 4-3 (Groundball, 34, EV 100.6 MPH)
Carlos Armenteros to second
Batting: RHB Tony Soto 0-0: Ball
1-0: Ground out 6-3 (Groundball, 6, EV 81.2 MPH)
Carlos Armenteros to third
Batting: RHB Tony Nunez 0-0: Ball
1-0: Foul Ball, location: 2F
1-1: Ball
2-1: Ball
3-1: Base on Balls
Batting: RHB Juan Perez 0-0: Ball
1-0: Fielders Choice at 2nd, 5-4 (Groundball, 56, EV 95.6 MPH)
Top of the 1st over - 0 runs, 0 hits, 0 errors, 2 left on base; Detroit 0 - Paris 0
BOTTOM OF THE 1ST
Paris Cubs batting - Pitching for Detroit Red Wings : RHP Andy Strange
Pitching: RHP Andy Strange
Batting: RHB Du Kim 0-0: Ball
1-0: Foul Ball, location: 2F
1-1: Ball
2-1: Called Strike
2-2: Foul Ball, location: 2F
2-2: Ball
3-2: Foul Ball, location: 2F
3-2: Foul Ball, location: 2F
3-2: Base on Balls
Batting: RHB Puluke Konane 0-0: Fielders Choice at 2nd, 5-4 (Groundball, 56, EV 108.1 MPH)
Batting: RHB Brad Santanello 0-0: Ball
1-0: Ball
2-0: Foul Ball, location: 2F
2-1: Called Strike
2-2: Foul Ball, location: 2F
2-2: Foul Ball, location: 2F
2-2: Foul Ball, location: 2F
2-2: Fielders Choice at 2nd, 6-4 (Groundball, 6, EV 106.2 MPH)
Batting: LHB Emir Jalil 0-0: Ball
1-0: Ball
2-0: Called Strike
2-1: Foul Ball, location: 2F
2-2: Strikes out looking
Bottom of the 1st over - 0 runs, 0 hits, 0 errors, 1 left on base; Detroit 0 - Paris 0
TOP OF THE 2ND
Detroit Red Wings batting - Pitching for Paris Cubs : LHP Ricardo Saucedo
Batting: LHB Glen Boyle 0-0: Ground out U3 (Groundball, 3, EV 100.0 MPH)
Batting: LHB Steve Herrera 0-0: Ball
1-0: Called Strike
1-1: Swinging Strike
1-2: Strikes out swinging
Batting: LHB Isao Fukui 0-0: Ball
1-0: Ball
2-0: Ball
3-0: Called Strike
3-1: DOUBLE (Flyball, 78XD, EV 108.8 MPH)
Batting: LHB Brad Gaskill 0-0: Ball
1-0: Fly out, F8 (Flyball, 8LD, EV 75.6 MPH)
Top of the 2nd over - 0 runs, 1 hit, 0 errors, 1 left on base; Detroit 0 - Paris 0
BOTTOM OF THE 2ND
Paris Cubs batting - Pitching for Detroit Red Wings : RHP Andy Strange
Batting: RHB Ricardo Aguinaga 0-0: Called Strike
0-1: Called Strike
0-2: Ball
1-2: Fly out, F9 (Flyball, 9D, EV 89.4 MPH)
Batting: RHB Denis Rachin 0-0: Called Strike
0-1: Fly out, F7 (Line Drive, 7D, EV 91.2 MPH)
Batting: RHB Khalil Stephens 0-0: Called Strike
0-1: Ball
1-1: Foul Ball, location: 2F
1-2: Foul Ball, location: 2F
1-2: Ground out 3-1 (Groundball, 34S, EV 73.1 MPH)
Bottom of the 2nd over - 0 runs, 0 hits, 0 errors, 0 left on base; Detroit 0 - Paris 0
TOP OF THE 3RD
Detroit Red Wings batting - Pitching for Paris Cubs : LHP Ricardo Saucedo
Batting: RHB Carlos Armenteros 0-0: Ball
1-0: Ground out 5-3 (Groundball, 56, EV 87.5 MPH)
Batting: LHB George Moran 0-0: Called Strike
0-1: Foul Ball, location: 2F
0-2: Foul Ball, location: 2F
0-2: Ball
1-2: Ball
2-2: Foul Ball, location: 2F
2-2: Ball
3-2: Fly out, F7 (Flyball, 7LM, EV 89.4 MPH)
Batting: RHB Tony Soto 0-0: Fly out, F7 (Flyball, 78M, EV 95.0 MPH)
Top of the 3rd over - 0 runs, 0 hits, 0 errors, 0 left on base; Detroit 0 - Paris 0
BOTTOM OF THE 3RD
Paris Cubs batting - Pitching for Detroit Red Wings : RHP Andy Strange
Batting: LHB Hiroki Yamamoto 0-0: Ball
1-0: Called Strike
1-1: Ground out 4-3 (Groundball, 4, EV 105.0 MPH)
Batting: RHB Alvaro Romero 0-0: Called Strike
0-1: Foul Ball, location: 2F
0-2: Ball
1-2: Ground out 5-3 (Groundball, 56S, EV 68.8 MPH)
Batting: RHB Du Kim 0-0: Foul Ball, location: 2F
0-1: Ball
1-1: Foul Ball, location: 2F
1-2: Ball
2-2: Ball
3-2: Ground out 5-3 (Groundball, 56, EV 79.4 MPH)
Bottom of the 3rd over - 0 runs, 0 hits, 0 errors, 0 left on base; Detroit 0 - Paris 0
TOP OF THE 4TH
Detroit Red Wings batting - Pitching for Paris Cubs : LHP Ricardo Saucedo
Batting: RHB Tony Nunez 0-0: Called Strike
0-1: Ball
1-1: Ball
2-1: Swinging Strike
2-2: Foul Ball, location: 2F
2-2: Ground out 5-3 (Groundball, 56S, EV 86.2 MPH)
Batting: RHB Juan Perez 0-0: Called Strike
0-1: Ball
1-1: Ground out U3 (Groundball, 34S, EV 86.9 MPH)
Batting: LHB Glen Boyle 0-0: Called Strike
0-1: Called Strike
0-2: Ball
1-2: Strikes out swinging
Top of the 4th over - 0 runs, 0 hits, 0 errors, 0 left on base; Detroit 0 - Paris 0
BOTTOM OF THE 4TH
Paris Cubs batting - Pitching for Detroit Red Wings : RHP Andy Strange
Batting: RHB Puluke Konane 0-0: Swinging Strike
0-1: Ball
1-1: Ball
2-1: SINGLE (Line Drive, 8LM, EV 110.0 MPH)
Batting: RHB Brad Santanello 0-0: Ball
1-0: Reached on error, E7 (Line Drive, 7, EV 96.9 MPH)
Puluke Konane to second
Batting: LHB Emir Jalil 0-0: Called Strike
0-1: Called Strike
0-2: Foul Ball, location: 2F
0-2: Foul Ball, location: 2F
0-2: Strikes out swinging
Batting: RHB Ricardo Aguinaga 0-0: Ball
1-0: Foul Ball, location: 2F
1-1: Swinging Strike
1-2: Ball
2-2: SINGLE (Groundball, 56, EV 103.1 MPH)
Puluke Konane to third
Brad Santanello to second
Runner from 3rd tries for Home, throw by LF and OUT! 7-2
Batting: RHB Denis Rachin 0-0: Ball
1-0: Fly out, F6 (Line Drive, 6, EV 70.0 MPH)
Bottom of the 4th over - 0 runs, 2 hits, 1 error, 2 left on base; Detroit 0 - Paris 0
TOP OF THE 5TH
Detroit Red Wings batting - Pitching for Paris Cubs : LHP Ricardo Saucedo
Batting: LHB Steve Herrera 0-0: Called Strike
0-1: Ball
1-1: Ball
2-1: Ball
3-1: Base on Balls
Batting: LHB Isao Fukui 0-0: Called Strike
0-1: Fly out, F7 (Flyball, 78S, EV 90.0 MPH)
Batting: LHB Brad Gaskill 0-0: Foul Ball, location: 2F
0-1: Fly out, F4 (Flyball, 4D, EV 84.4 MPH)
Batting: RHB Carlos Armenteros 0-0: Foul Ball, location: 2F
0-1: Called Strike
0-2: Ball
1-2: Foul Ball, location: 2F
1-2: Strikes out swinging
Top of the 5th over - 0 runs, 0 hits, 0 errors, 1 left on base; Detroit 0 - Paris 0
BOTTOM OF THE 5TH
Paris Cubs batting - Pitching for Detroit Red Wings : RHP Andy Strange
Batting: RHB Khalil Stephens 0-0: Ball
1-0: Called Strike
1-1: Foul Ball, location: 2F
1-2: Ball
2-2: Foul Ball, location: 2F
2-2: Strikes out swinging
Batting: LHB Hiroki Yamamoto 0-0: Ball
1-0: Ball
2-0: Called Strike
2-1: DOUBLE (Line Drive, 7LM, EV 100.0 MPH)
Batting: RHB Alvaro Romero 0-0: Called Strike
0-1: Ball
1-1: Foul Ball, location: 2F
1-2: Strikes out looking
Batting: RHB Du Kim 0-0: Ball
1-0: Swinging Strike
1-1: Called Strike
1-2: DOUBLE (Line Drive, 78M, EV 111.2 MPH)
Hiroki Yamamoto scores
Batting: RHB Puluke Konane 0-0: Fly out, F4 (Popup, 4M, EV 76.2 MPH)
Bottom of the 5th over - 1 run, 2 hits, 0 errors, 1 left on base; Detroit 0 - Paris 1
TOP OF THE 6TH
Detroit Red Wings batting - Pitching for Paris Cubs : LHP Ricardo Saucedo
Batting: LHB George Moran 0-0: Called Strike
0-1: Fly out, F8 (Flyball, 8RD, EV 90.6 MPH)
Batting: RHB Tony Soto 0-0: Called Strike
0-1: Swinging Strike
0-2: Strikes out looking
Batting: RHB Tony Nunez 0-0: Called Strike
0-1: Ball
1-1: Called Strike
1-2: Ball
2-2: SINGLE (Line Drive, 9, EV 100.0 MPH)
Batting: RHB Juan Perez 0-0: Swinging Strike
0-1: Swinging Strike
0-2: Fly out, F5 (Line Drive, 5, EV 64.4 MPH)
Top of the 6th over - 0 runs, 1 hit, 0 errors, 1 left on base; Detroit 0 - Paris 1
BOTTOM OF THE 6TH
Paris Cubs batting - Pitching for Detroit Red Wings : RHP Andy Strange
Batting: RHB Brad Santanello 0-0: Ball
1-0: SINGLE (Groundball, 56D, EV 98.8 MPH)
Batting: LHB Emir Jalil 0-0: Ball
1-0: Ball
2-0: Ball
3-0: Called Strike
3-1: 2-RUN HOME RUN (Flyball, 7D, EV 100.6 MPH), Distance : 398 ft
Batting: RHB Ricardo Aguinaga 0-0: Ball
1-0: Ball
2-0: Fly out, F8 (Flyball, 78D, EV 101.2 MPH)
Batting: RHB Denis Rachin 0-0: Ball
1-0: Ball
2-0: SINGLE (Groundball, 5S, EV 98.8 MPH)
Batting: RHB Khalil Stephens 0-0: Ball
1-0: Called Strike
1-1: Called Strike
1-2: Strikes out swinging
Batting: LHB Hiroki Yamamoto 0-0: Fielders Choice at 2nd, 6-4 (Groundball, 56, EV 81.9 MPH)
Bottom of the 6th over - 2 runs, 3 hits, 0 errors, 1 left on base; Detroit 0 - Paris 3
TOP OF THE 7TH
Detroit Red Wings batting - Pitching for Paris Cubs : LHP Ricardo Saucedo
Now in RF: Gilberto Alvarado
Batting: LHB Glen Boyle 0-0: Ball
1-0: Foul Ball, location: 2F
1-1: Ball
2-1: Ground out 4-3 (Groundball, 4MD, EV 89.4 MPH)
Batting: LHB Steve Herrera 0-0: Ball
1-0: Foul Ball, location: 2F
1-1: Ball
2-1: Swinging Strike
2-2: SINGLE (Groundball, 34, EV 104.4 MPH)
Batting: LHB Isao Fukui 0-0: Ball
1-0: Fielders Choice at 2nd, 3-6 (Groundball, 34S, EV 91.2 MPH)
Batting: LHB Brad Gaskill 0-0: Called Strike
0-1: Ball
1-1: Ball
2-1: Ball
3-1: Swinging Strike
3-2: Foul Ball, location: 2F
3-2: Fly out, F6 (Popup, 6MD, EV 46.2 MPH)
Top of the 7th over - 0 runs, 1 hit, 0 errors, 1 left on base; Detroit 0 - Paris 3
BOTTOM OF THE 7TH
Paris Cubs batting - Pitching for Detroit Red Wings : RHP Andy Strange
Batting: RHB Alvaro Romero 0-0: Ball
1-0: SINGLE (Groundball, 56D, EV 99.4 MPH)
Batting: RHB Du Kim 0-0: Sac Bunt to 15S - play at first, batter OUT! 1-3
Alvaro Romero to second
Batting: RHB Puluke Konane 0-0: Called Strike
0-1: Fly out, F9 (Flyball, 89M, EV 89.4 MPH)
Batting: RHB Brad Santanello 0-0: Ball
1-0: Ground out 1-3 (Groundball, 13S, EV 66.2 MPH)
Bottom of the 7th over - 0 runs, 1 hit, 0 errors, 1 left on base; Detroit 0 - Paris 3
TOP OF THE 8TH
Detroit Red Wings batting - Pitching for Paris Cubs : LHP Ricardo Saucedo
Batting: RHB Carlos Armenteros 0-0: Ball
1-0: Foul Ball, location: 2F
1-1: Foul Ball, location: 2F
1-2: Ball
2-2: Foul Ball, location: 2F
2-2: Foul Ball, location: 2F
2-2: Foul Ball, location: 2F
2-2: Foul Ball, location: 2F
2-2: SINGLE (Line Drive, 34D, EV 103.1 MPH)
Batting: LHB George Moran 0-0: Ball
1-0: Swinging Strike
1-1: Swinging Strike
1-2: Strikes out swinging
Batting: RHB Tony Soto 0-0: Ball
1-0: Grounds into double play, 6-4-3 (Groundball, 6, EV 81.2 MPH)
Top of the 8th over - 0 runs, 1 hit, 0 errors, 0 left on base; Detroit 0 - Paris 3
BOTTOM OF THE 8TH
Paris Cubs batting - Pitching for Detroit Red Wings : RHP Andy Strange
Batting: RHB Gilberto Alvarado 0-0: Fly out, F8 (Flyball, 8RD, EV 86.2 MPH)
Batting: RHB Ricardo Aguinaga 0-0: Ball
1-0: Called Strike
1-1: Fly out, F7 (Flyball, 7LM, EV 95.6 MPH)
Batting: RHB Denis Rachin 0-0: Foul Ball, location: 2F
0-1: Ball
1-1: Ball
2-1: SINGLE (Groundball, 56D, EV 101.9 MPH)
Batting: RHB Khalil Stephens 0-0: Ball
1-0: Called Strike
1-1: Ball
2-1: Foul Ball, location: 2F
2-2: Foul Ball, location: 2F
2-2: Ball
3-2: Foul Ball, location: 2F
3-2: Strikes out swinging
Bottom of the 8th over - 0 runs, 1 hit, 0 errors, 1 left on base; Detroit 0 - Paris 3
TOP OF THE 9TH
Detroit Red Wings batting - Pitching for Paris Cubs : LHP Ricardo Saucedo
Batting: RHB Tony Nunez 0-0: Ball
1-0: Called Strike
1-1: Foul Ball, location: 2F
1-2: Strikes out swinging
Batting: RHB Juan Perez 0-0: Ball
1-0: Called Strike
1-1: Called Strike
1-2: Foul Ball, location: 2F
1-2: Ball
2-2: Strikes out looking
Batting: LHB Glen Boyle 0-0: Ball
1-0: Ball
2-0: Ball
3-0: Base on Balls
Batting: LHB Steve Herrera 0-0: Foul Ball, location: 2F
0-1: Foul Ball, location: 2F
0-2: Ball
1-2: Ball
2-2: Ball
3-2: Foul Ball, location: 2F
3-2: Fly out, F7 (Flyball, 7D, EV 96.2 MPH)
Top of the 9th over - 0 runs, 0 hits, 0 errors, 1 left on base; Detroit 0 - Paris 3
Thursday, March 31st , 2022 - OOTP Baseball 22.12 Build 89